 Dungeon Crawl Stone Soup version 0.29.1-15-g9cfb28693d (console) character file.

Game seed: 14633093001019556842

431 thromnambular the Trooper (level 7, 0/72 HPs)
             Began as an Ogre Hedge Wizard on Apr 30, 2023.
             Slain by an ogre
             ... wielding a +0 giant club
              (27 damage)
             ... on level 5 of the Dungeon.
             The game lasted 00:21:08 (6445 turns).

thromnambular the Trooper (Ogre Hedge Wizard)       Turns: 6445, Time: 00:21:09

Health: 0/72       AC:  3    Str: 15    XL:     7   Next: 0%
Magic:  10/12      EV: 10    Int: 15    God:
Gold:   71         SH:  0    Dex: 10    Spells: 7/13 levels left

rFire   . . .      SeeInvis +   n - +0 giant spiked club
rCold   . . .      Faith    .   (shield currently unavailable)
rNeg    . . .      Spirit   .   b - +0 robe
rPois   .          Reflect  .   c - +0 hat
rElec   .          Harm     .   (no cloak)
rCorr   .          Rampage  .   (gloves unavailable)
Will    +....                   (boots unavailable)
Stlth   ++........              (no amulet)
HPRegen 0.22/turn               d - ring of willpower
MPRegen 0.13/turn               (no ring)

@: no status effects
A: large, unfitting armour, tough skin 1, see invisible
a: no special abilities


You were on level 5 of the Dungeon.
You visited 1 branch of the dungeon, and saw 5 of its levels.

You collected 194 gold pieces.
You spent 123 gold pieces at shops.

Inventory:

Hand Weapons
 f - a +2 mace
 n - a +0 giant spiked club (weapon)
Missiles
 p - 6 javelins
Armour
 a - a +0 animal skin
 b - a +0 robe (worn)
 c - a +0 hat (worn)
 o - a +0 tower shield
Jewellery
 d - a ring of willpower (left hand)
Scrolls
 g - a scroll of enchant weapon
 i - 2 scrolls of magic mapping
 k - 2 scrolls of teleportation
 l - 2 scrolls of identify
 m - a scroll of amnesia
 q - a scroll of summoning
Potions
 e - 2 potions of curing
 h - a potion of attraction
 j - a potion of heal wounds
 s - 2 potions of haste


   Skills:
 + Level 5.4 Fighting
 + Level 3.6 Maces & Flails
 - Level 2.7 Dodging
 - Level 1.4 Stealth
 + Level 0.5 Shields
 - Level 3.6 Spellcasting
 - Level 0.8 Conjurations
 - Level 0.8 Summonings
 - Level 1.6 Necromancy
 - Level 0.8 Translocations


You had 7 spell levels left.
You knew the following spells:

 Your Spells              Type           Power      Damage    Failure   Level
a - Magic Dart            Conj           20%        1d4       13%         1
b - Blink                 Tloc           10%        N/A       21%         2
c - Call Imp              Summ           5%         N/A       21%         2
d - Necrotise             Necr           28%        1d5       10%         1

Your spell library contained the following spells:

 Spells                   Type           Power      Damage    Failure   Level
 Slow                     Hex            8%         N/A       19%         1
 Vampiric Draining        Necr           7%         2d6       28%         3
 Conjure Flame            Conj/Fire      4%         6-21      43%         3
 Mephitic Cloud           Conj/Pois/Air  3%         N/A       45%         3
 Agony                    Necr           7%         N/A       95%         5


Dungeon Overview and Level Annotations

Branches:
Dungeon (5/15)
 Temple: D:4-7

Altars:

Shops:
D:3 ?=!:*   D:4 ?

Annotations:
D:3 1 runed translucent door, 2 transporters, Crazy Yiuf


Innate Abilities, Weirdness & Mutations

You are too large for most types of armour.
You have tough skin. (AC +1)
You have supernaturally acute eyesight. (SInv)


Message History

The hound attacks as you move away! The hound bites you.
Casting: Necrotise (safe; 10% risk of failure)
Confirm with . or Enter, or press ? or * to list all spells.
A beastly little devil appears in a puff of frigid air.
The hound bites you. x2
Casting: Call Imp (safe; 21% risk of failure)
Confirm with . or Enter, or press ? or * to list all spells.
Okay, then.
What are your orders? t - Shout!
Orders for allies: a - Attack new target. r - Retreat! s - Stop attacking. g - Guard the area. f - Follow me.
Anything else - Cancel.
Gang up on whom?
Press: ? - help, Dir - move target, f - hound
Aim: a hound (ally target) Attack!
The hound barely misses you.
Your white imp barely misses the ogre.
The hound stops to sniff the ground.
The hound bites you.
Your white imp gestures at the hound.
The puff of frost hits the hound!
You closely miss the hound.
The hound is heavily wounded.
The hound bites you. The ogre hits you with a +0 giant club!
The hound completely misses you.
Your white imp hits the hound.
Your white imp freezes the hound.
You closely miss the hound.
The hound is almost dead.
The hound closely misses you. The ogre hits you with a +0 giant club!
Your white imp barely misses the hound.
The hound bites you but does no damage.
Your white imp hits the hound.
The hound dies!
You have reached level 7!
The ogre attacks as you move away! The ogre barely misses you.
Your white imp barely misses the ogre.
You sock the ogre!
The ogre is severely wounded.
The ogre hits you with a +0 giant club!!
You die...

#......#
#......#
#...#...##
#...#....#
#...##...#
#.....#...#
#..h..#..5#
#..$..#.O.#
#.$⌠$.#.@[#
#...# #...#
#...#
##...#
#....#
...>#
#...##
#...+
##...#
#...#
#....#


You could see an ogre (ally target) and a friendly white imp (summoned).

Vanquished Creatures
  A hound (D:3)
  A jelly (D:4)
  Jessica (D:2)
  An iguana (D:4)
  Robin (D:1)
  6 adders
  2 white imps
  4 worms
  5 orcs (D:3)
  5 endoplasms
  5 giant cockroaches
  17 goblins
  4 hobgoblins
  4 jackals (D:1)
  2 quokkas
  5 ball pythons
  2 bats (D:1)
  6 frilled lizards
  6 kobolds
  5 rats
83 creatures vanquished.

Vanquished Creatures (collateral kills)
  An ogre (D:4)
  A hound (D:5)
  2 adders (D:2)
  2 worms (D:2)
  A hobgoblin (D:4)
  A ball python (D:3)
8 creatures vanquished.

Vanquished Creatures (others)
  3 fungi (D:3)
  6 plants (D:3)
9 creatures vanquished.

Grand Total: 100 creatures vanquished

Notes
Turn   | Place    | Note
-------+----------+-------------------------------------------
     0 | D:1      | thromnambular the Ogre Hedge Wizard began the quest for the
                  | Orb.
     0 | D:1      | Reached XP level 1. HP: 16/16 MP: 5/5
    90 | D:1      | Reached skill level 1 in Fighting
   209 | D:1      | Reached skill level 2 in Fighting
   209 | D:1      | Reached XP level 2. HP: 18/28 MP: 0/6
  1177 | D:2      | Noticed Jessica
  1516 | D:1      | Reached skill level 3 in Fighting
  1516 | D:1      | Reached XP level 3. HP: 26/37 MP: 1/8
  1770 | D:1      | Reached skill level 1 in Maces & Flails
  2026 | D:2      | Killed Jessica
  2027 | D:2      | Reached XP level 4. HP: 40/45 MP: 5/9
  2072 | D:2      | Noticed Robin
  2094 | D:1      | Killed Robin
  2513 | D:2      | Learned a level 2 spell: Blink
  2516 | D:2      | Learned a level 2 spell: Call Imp
  2828 | D:2      | Reached skill level 4 in Fighting
  2890 | D:2      | Found a faded altar of an unknown god.
  2942 | D:2      | Reached XP level 5. HP: 33/54 MP: 1/10
  3685 | D:3      | Found Zestat's Book Shop.
  3732 | D:3      | Learned a level 1 spell: Necrotise
  3815 | D:3      | Found Cyet's Magic Scroll Emporium.
  3823 | D:3      | Bought a scroll of blinking for 90 gold pieces
  3897 | D:3      | Found a runed translucent door.
  3898 | D:3      | Noticed Crazy Yiuf
  3899 | D:3      | Gained mutation: You have supernaturally acute eyesight.
                  | (SInv) [potion of mutation]
  3933 | D:3      | Found Deeciar's Jewellery Shop.
  3996 | D:3      | Found Toqotido's Distillery.
  4004 | D:3      | Bought a potion of curing for 33 gold pieces
  4117 | D:3      | Found Saagg's Assorted Antiques.
  4228 | D:3      | Identified the +8 halberd "Waypaf" {chaos, Int-2 Dex+7
                  | SInv}
  4294 | D:3      | Found a transporter.
  4294 | D:3      | Found a transporter.
  4631 | D:4      | Found Juuh's Magic Scroll Shoppe.
  4646 | D:4      | Noticed an ogre
  4658 | D:4      | Killed an ogre
  4659 | D:4      | Reached skill level 1 in Necromancy
  4659 | D:4      | Reached XP level 6. HP: 56/65 MP: 3/11
  5187 | D:4      | Reached skill level 5 in Fighting
  6067 | D:5      | Entered Level 5 of the Dungeon
  6444 | D:5      | Reached XP level 7. HP: 27/72 MP: 9/12
  6445 | D:5      | Slain by an ogre

Illustrated notes

Levels and vault maps discovered:
D:1:      dpeg_arrival_houses_and_road, layout_rooms, nicolae_wormholes
D:2:      layout_rooms, shapermc_ecumenical_altar_starsandcircs,
          nicolae_eternal_life, uniq_jessica, uniq_robin
D:3:      layout_basic, serial_shops, nicolae_shop_statue_plus,
          nicolae_shop_waterfront, nicolae_shop_temple_entry_statues_fountains,
          shop, nicolae_shop_hallway_stairs, gammafunk_ghost_gnarly_gnolls,
          hex_tiny, uniq_crazy_yiuf_cottage
D:4:      layout_loops_cross, serial_shops, nicolae_shop_window_shopping
D:5:      kennysheep_spiral_hall, layout_gridville,
          mainiacjoe_overflow_concentric_impassable, amcnicky_altar_gilded,
          nemelex_diamond_rough_becter

Skill      XL: |  1  2  3  4  5  6 |
---------------+-------------------+-----
Fighting       | 2 3 4 5 |  5.4
Maces & Flails | 1 2 3 |  3.6
Dodging        | 2 |  2.7
Necromancy     | 1 |  1.6
Stealth        | |  1.4
Shields        | |  0.5
Spellcasting   | |  3.6
Conjurations   | |  0.8
Summonings     | |  0.8
Translocations | |  0.8

Action                   |  1- 3 |  4- 6 |  7- 9 || total
-------------------------+-------+-------+-------++-------
Melee: Dagger            |    22 |       |       ||    22
       Mace              |    40 |   110 |       ||   150
       Punch             |     1 |     2 |       ||     3
       Giant spiked club |       |    46 |     1 ||    47
 Cast: Magic Dart        |    72 |    68 |       ||   140
       Call Imp          |       |    13 |       ||    13
       Necrotise         |       |    47 |       ||    47
       Blink             |       |     1 |       ||     1
  Use: Potion            |     2 |     2 |       ||     4
       Scroll            |       |    11 |       ||    11
 Stab: Sleeping          |       |     2 |       ||     2
Armor: Robe              |    33 |    51 |       ||    84
Dodge: Dodged            |    60 |   124 |     1 ||   185
